Map: World of Sleepers LE

Players

TIME (Oliveira)

  • Race: Terran Terran
  • League: Grandmaster
  • Spawn Location: 7:00

Dear - Winner!

  • Race: Protoss Protoss
  • League: Master
  • Spawn Location: 1:00

VOD

Have the link to the VOD?

Description

Time

  • Played on: Jan. 16, 2020, 5:46 a.m.
  • Length: 10:44
Show
View Real Time Build Order
Export as new Build Order

TIME Terran 

Build Orders: Gas First Reaper Expand, Banshee Rush 

Get SALT Encoding   

  12  0:01  SCV  
  13  0:13  SCV  
  14  0:17  Supply Depot  
  14  0:25  SCV  
  15  0:30  Refinery  
  15  0:39  SCV  
  16  0:44  Barracks  
  16  0:51  SCV  
  17  1:03  SCV  
  18  1:15  SCV  
  19  1:31  Orbital Command, Reaper  
  20  1:43  Command Center  
  20  1:53  Factory  
  20  1:57  SCV  
  21  2:03  Refinery  
  21  2:09  SCV  
  21  2:10  Barracks Reactor  
  21  2:14  Supply Depot  
  22  2:21  SCV  
  23  2:36  SCV  
  24  2:38  Hellion  
  24  2:39  Starport  
  26  2:46  Marine x2  
  26  2:48  SCV  
  29  2:55  Orbital Command  
  29  3:00  Factory Tech Lab  
  29  3:03  SCV  
  30  3:05  Marine  
  30  3:06  Marine  
  30  3:07  Orbital Command  
  32  3:17  SCV  
  33  3:23  Cloaking Field  
  33  3:24  Banshee  
  36  3:29  SCV  
  36  3:30  Marine x2  
  36  3:33  SCV  
  40  3:38  Factory Tech Lab  
  40  3:40  Supply Depot  
  40  3:42  SCV  
  40  3:45  SCV  
  41  3:48  Marine x2  
  41  3:54  SCV  
  44  3:59  SCV, Supply Depot  
  44  4:02  Cyclone  
  48  4:07  Banshee  
  48  4:09  SCV  
  51  4:15  Marine x2  
  51  4:17  SCV  
  54  4:21  SCV, Supply Depot  
  53  4:29  SCV  
  54  4:33  Marine x2  
  54  4:34  SCV, Cyclone  
  60  4:41  SCV  
  60  4:44  Command Center  
  61  4:50  Marine, Banshee  
  61  4:51  Marine  
  66  4:53  SCV  
  66  4:57  Supply Depot  
  67  5:02  SCV  
  67  5:04  Refinery x2  
  68  5:08  Marine  
  68  5:09  Marine  
  70  5:19  SCV, Siege Tank  
  70  5:20  Supply Depot  
  74  5:25  SCV, Barracks x2  
  75  5:31  SCV, Marine x2  
  78  5:42  SCV, Starport Reactor  
  79  5:43  SCV, Supply Depot  
  79  5:44  Supply Depot  
  80  5:54  SCV  
  81  6:00  Marine x2  
  81  6:02  Orbital Command, Siege Tank  
  80  6:06  SCV  
  80  6:08  SCV, Engineering Bay x2  
  79  6:18  SCV  
  79  6:19  Barracks  
  79  6:20  Barracks  
  79  6:24  Marine, Stimpack  
  80  6:27  Marine x2  
  80  6:28  SCV x2  
  84  6:35  Missile Turret x2  
  84  6:40  SCV  
  84  6:42  SCV  
  84  6:43  Terran Infantry Weapons Level 1, Terran Infantry Armor Level 1  
  84  6:44  Factory Reactor  
  84  6:45  SCV  
  80  6:47  Combat Shield  
  80  6:49  Marine  
  80  6:52  SCV  
  80  6:54  SCV  
  80  6:57  Marine  
  82  7:02  Marine  
  82  7:03  Orbital Command  
  82  7:04  SCV  
  82  7:06  SCV, Marauder  
  82  7:07  Barracks Reactor  
  87  7:11  Marine  
  88  7:16  Medivac x2  
  88  7:17  Marine  
  88  7:19  SCV  
  88  7:20  SCV  
  88  7:21  Marauder  
  88  7:22  Supply Depot  
  96  7:23  Widow Mine x2  
  97  7:30  SCV  
  97  7:31  SCV  
  97  7:33  SCV  
  97  7:36  Barracks Tech Lab  
  100  7:37  Marine, Marauder  
  100  7:38  Marine  
  100  7:42  Marine, SCV, Supply Depot  
  100  7:43  SCV  
  107  7:46  Widow Mine  
  108  7:53  Marine x2  
  108  7:57  SCV x2  
  108  7:58  SCV, Ghost Academy  
  112  8:02  Marauder  
  112  8:05  Marauder  
  116  8:08  Widow Mine x2  
  116  8:10  Missile Turret  
  120  8:13  SCV x2  
  120  8:14  SCV  
  120  8:18  Supply Depot  
  123  8:25  SCV, Viking  
  123  8:26  Viking  
  130  8:29  SCV x2  
  132  8:35  Ghost  
  132  8:39  Ghost x2  
  132  8:41  Supply Depot x2  
  136  8:44  Supply Depot  
  136  8:50  Armory  
  136  8:53  Refinery x2  
  137  8:55  SCV x3  
  137  8:57  Starport  
  138  9:03  Viking x2  
  138  9:07  SCV  
  138  9:08  Marauder x2  
  138  9:09  Marauder  
  149  9:10  Enhanced Shockwaves  
  149  9:23  Command Center  
  149  9:29  Marauder  
  149  9:30  Missile Turret, Marauder  
  153  9:33  SCV  
  153  9:37  Viking  
  153  9:38  Viking  
  156  9:39  Ghost  
  158  9:53  Viking  
  158  9:54  Marauder  
  158  9:56  Marauder  
  161  10:08  Marauder  
  161  10:11  Marine  
  125  10:15  Marauder  
  105  10:23  Marine x2  
Show
View Real Time Build Order
Export as new Build Order

Dear Protoss - Winner!

Build Orders: 1 Gate Expand, Oracle Opening, Phoenix Opening 

Get SALT Encoding   

  12  0:00  Probe  
  13  0:12  Probe  
  14  0:17  Pylon  
  14  0:24  Probe (Chrono Boost)  
  15  0:36  Probe (Chrono Boost), Gateway  
  16  0:45  Probe (Chrono Boost), Assimilator  
  17  0:51  Probe  
  18  1:03  Probe  
  19  1:15  Probe  
  20  1:23  Nexus  
  20  1:32  Cybernetics Core  
  20  1:34  Probe  
  20  1:39  Assimilator  
  21  1:47  Probe  
  22  1:50  Pylon  
  22  1:59  Probe  
  23  2:05  Adept (Chrono Boost)  
  25  2:11  Probe  
  26  2:17  Stargate  
  26  2:23  Probe  
  26  2:25  Adept (Chrono Boost)  
  29  2:31  Warp Gate  
  29  2:35  Probe (Chrono Boost)  
  31  2:41  Probe (Chrono Boost)  
  32  2:44  Probe (Chrono Boost)  
  32  2:48  Probe (Chrono Boost)  
  32  2:49  Probe (Chrono Boost)  
  33  2:59  Probe, Oracle (Chrono Boost)  
  33  3:01  Probe  
  33  3:02  Adept  
  40  3:11  Probe  
  40  3:13  Probe  
  40  3:14  Pylon  
  41  3:23  Probe  
  41  3:25  Probe  
  43  3:27  Phoenix  
  45  3:35  Probe  
  45  3:38  Probe  
  47  3:46  Nexus  
  47  3:49  Pylon  
  47  3:50  Probe  
  47  3:51  Probe  
  49  3:56  Gateway  
  49  4:00  Oracle (Chrono Boost)  
  49  4:08  Probe x2  
  54  4:10  Pylon  
  54  4:14  Gateway  
  54  4:20  Probe x2  
  54  4:22  Pylon  
  56  4:24  Sentry  
  56  4:30  Phoenix (Chrono Boost)  
  60  4:32  Probe x2  
  60  4:36  Shield Battery  
  62  4:40  Assimilator  
  62  4:43  Assimilator  
  62  4:44  Probe x2  
  64  4:47  Phoenix (Chrono Boost)  
  64  4:51  Adept  
  68  4:53  Adept  
  68  4:57  Probe, Pylon  
  71  5:00  Probe  
  71  5:04  Probe  
  73  5:07  Phoenix (Chrono Boost)  
  73  5:09  Probe  
  73  5:12  Probe  
  77  5:16  Probe  
  77  5:18  Robotics Facility  
  77  5:22  Probe  
  77  5:24  Adept x2  
  77  5:26  Adept  
  84  5:34  Phoenix  
  84  5:35  Probe x3  
  88  5:41  Pylon  
  89  5:47  Probe x2, Forge  
  89  5:48  Probe  
  87  5:58  Adept x3  
  87  6:00  Probe x2 (Chrono Boost)  
  94  6:05  Probe (Chrono Boost)  
  94  6:11  Observer  
  97  6:12  Probe (Chrono Boost)  
  97  6:13  Probe (Chrono Boost)  
  97  6:15  Probe (Chrono Boost)  
  97  6:17  Probe (Chrono Boost), Robotics Bay  
  97  6:18  Probe (Chrono Boost)  
  97  6:19  Twilight Council  
  97  6:20  Probe (Chrono Boost)  
  99  6:26  Probe  
  99  6:28  Pylon  
  99  6:29  Probe  
  99  6:31  Probe, Assimilator  
  102  6:35  Assimilator  
  102  6:36  Observer  
  102  6:38  Probe  
  104  6:41  Probe  
  104  6:44  Probe  
  106  6:52  Protoss Ground Weapons Level 1 (Chrono Boost)  
  106  6:57  Gateway  
  106  6:58  Charge  
  106  6:59  Gateway  
  106  7:01  Probe, Gateway  
  106  7:02  Probe, Colossus (Chrono Boost)  
  114  7:08  Extended Thermal Lance  
  114  7:11  Pylon  
  114  7:14  Nexus  
  114  7:16  Pylon  
  114  7:20  Pylon  
  114  7:32  Templar Archives  
  114  7:33  Gateway  
  114  7:34  Probe x3  
  114  7:36  Gateway, Sentry x2  
  114  7:37  Zealot  
  121  7:39  Colossus (Chrono Boost)  
  121  7:46  Probe x3  
  130  7:55  Zealot x3  
  136  7:58  Probe x3  
  136  7:59  Pylon  
  136  8:00  Pylon, Psionic Storm  
  139  8:11  Pylon  
  139  8:15  Pylon  
  139  8:17  Pylon, Colossus (Chrono Boost)  
  139  8:18  Probe x3, Forge  
  148  8:28  Assimilator  
  148  8:30  Probe x3  
  152  8:35  High Templar x2  
  152  8:36  Zealot x3  
  152  8:37  High Templar  
  152  8:39  Zealot  
  165  8:45  Gateway  
  165  8:48  Gateway  
  165  8:49  Protoss Ground Armor Level 1 (Chrono Boost)  
  165  8:50  High Templar  
  167  8:58  Warp Prism  
  167  9:09  Nexus  
  169  9:10  Photon Cannon  
  169  9:20  Stalker x4  
  177  9:26  Zealot x3  
  177  9:27  Zealot  
  185  9:36  Immortal (Chrono Boost)  
  185  9:44  High Templar x2  
  185  9:45  Zealot  
  195  9:48  Gateway, Archon  
  195  9:49  Pylon, Gateway  
  193  10:09  Archon  
  167  10:21  Stalker x8  
  167  10:22  Zealot  
Tags
 
Add a new tag
Caveats
  • Supply blocks, unpowered buildings, or Contaminate may cause inaccurate times.
  • Supply counts are checked every 10 seconds.